 Dungeon Crawl Stone Soup version 0.18-a0-246-gbfa2ae1 (webtiles) character file.

79 Duffy the Chucker (level 4, 0/35 HPs)
             Began as a Formicid Hunter on Nov 25, 2015.
             Succumbed to an adder's poison
             ... on level 2 of the Dungeon.
             The game lasted 00:01:49 (1737 turns).

Duffy the Chucker (Formicid Hunter)                 Turns: 1737, Time: 00:01:50

Health: 0/35       AC:  3    Str: 16    XL:     4   Next: 64%
Magic:  4/4        EV: 12    Int: 11    God:
Gold:   70         SH:  0    Dex: 12    Spells: 0 memorised, 3 levels left

rFire  . . .     SeeInvis +     a - +0 short sword
rCold  + . .     Clarity  .     b - +0 leather armour
rNeg   . . .     SustAt   .     (no shield)
rPois  .         Gourm    .     (helmet unavailable)
rElec  .         Spirit   .     (no cloak)
rCorr  .         Warding  .     (no gloves)
rMut   .         Stasis   +     (no boots)
MR     .....                    (no amulet)
Stlth  +.........               (no ring)
                                g - ring of protection from cold

@: lethally poisoned (0 -> -9), not resistant to hostile enchantments, very
unstealthy
A: permanent stasis, dig shafts and tunnels, four strong arms, antennae 3
a: Dig, Shaft Self


You were on level 2 of the Dungeon.
You were not hungry.

You visited 1 branch of the dungeon, and saw 3 of its levels.

You collected 70 gold pieces.


Innate Abilities, Weirdness & Mutations

You are under a permanent stasis effect.
You can dig through walls and to a lower floor.
Your four strong arms can wield two-handed weapons with a shield.
You have a pair of large antennae on your head (SInv).


   Skills:
 + Level 3.5 Fighting
 + Level 4.0 Throwing
 - Level 2.0 Dodging
 - Level 1.2 Stealth


You had 3 spell levels left.
You didn't know any spells.

Inventory:

Hand Weapons
 a - a +0 short sword (weapon)
Missiles
 c - a javelin (quivered)
 d - 2 throwing nets
 h - 4 silver javelins
Armour
 b - a +0 leather armour (worn)
Jewellery
 g - a ring of protection from cold (left hand)
Scrolls
 i - a scroll of remove curse {unknown}
Potions
 f - a potion of degeneration {unknown}
 j - a potion of brilliance {unknown}
 k - a potion of ambrosia {unknown}
 l - a potion of haste {unknown}
 n - 2 potions of flight {unknown}
Comestibles
 e - 2 bread rations
 m - 4 chunks of flesh

Dungeon Overview and Level Annotations

Branches:
Dungeon (3/15)

Altars:


Message History

Press: ? - help, Shift-Dir - straight line, f/p - adder
Aim: an adder (heavily wounded)
You throw a javelin. The javelin misses the adder.
You feel sick. The adder barely misses you.
A giant cockroach comes into view.
Throwing (i - inventory. (,) - cycle):
c - 4 javelins (quivered)
Press: ? - help, Shift-Dir - straight line, f/p - adder
Aim: an adder (heavily wounded)
You throw a javelin. The javelin barely misses the adder.
The adder bites you.
You are lethally poisoned!
The adder poisons you!
Throwing (i - inventory. (,) - cycle):
c - 3 javelins (quivered)
Press: ? - help, Shift-Dir - straight line, f/p - adder
Aim: an adder (heavily wounded)
You throw a javelin. The javelin hits the adder.
The adder is severely wounded.
You feel sick. The adder misses you.
You feel sick.
You barely miss the adder.
The adder is severely wounded.
You feel sick. The adder misses you. The adder bites you.
You miss the adder.
The adder is severely wounded.
You feel sick. The adder misses you.
You miss the adder.
The adder is severely wounded.
You feel sick. The adder bites you.
The giant cockroach waves its antennae.
The adder closely misses you.
Throwing (i - inventory. (,) - cycle):
c - 2 javelins (quivered)
Press: ? - help, Shift-Dir - straight line, f/p - adder
Aim: an adder (severely wounded)
You throw a javelin. The javelin hits the adder!
You kill the adder!
You die...

#.... ...##....... . #....
....>...... ).###.... #.##.......
....#..(# #. #....... #.......# #
#....... ........# # ##......
.......s# .# #....>.. ...#(# #.#
#....... #.#@####..###.......
#................... ..........#
##.................. ..........##
#..#................
...............##.####....##....[
..........##### #.# #..#######.##
..........#######.###.## #...<
................#.....##### #....
..........)%......##......###....


You could see a giant cockroach.

Action                   |  1- 3 |  4- 6 || total
-------------------------+-------+-------++-------
Melee: Short sword       |    94 |    19 ||   113
Throw: Javelin           |     2 |     7 ||     9
 Stab: Sleeping          |     3 |       ||     3
  Eat: Chunk             |     2 |     1 ||     3

Notes
Turn   | Place    | Note
--------------------------------------------------------------
     0 | D:1      | Duffy the Formicid Hunter began the quest for the Orb.
     0 | D:1      | Reached XP level 1. HP: 16/16 MP: 1/1
   284 | D:1      | Reached XP level 2. HP: 9/23 MP: 2/2
   648 | D:1      | Reached skill level 2 in Dodging
  1119 | D:2      | Noticed Natasha
  1126 | D:1      | Reached XP level 3. HP: 14/28 MP: 3/3
  1286 | D:2      | Killed Natasha
  1286 | D:2      | Reached skill level 3 in Fighting
  1538 | D:2      | Reached XP level 4. HP: 32/35 MP: 4/4
  1709 | D:2      | Noticed Natasha
  1712 | D:2      | Killed Natasha
  1712 | D:2      | Reached skill level 4 in Throwing
  1737 | D:2      | Succumbed to an adder's poison

Vault maps used:
D:1:      erik_arrival_blinker_ship
D:2:      first_bread, uniq_natasha
D:3:      lemuel_upstairs_altar, nicolae_overflow_crystal_walls

Vanquished Creatures
  Natasha (twice)
  2 adders
  3 bats
  2 hobgoblins
  4 kobolds
  A ball python
  3 giant newts
  8 goblins
  8 rats
33 creatures vanquished.
